Unix NetHack Version 3.7.0-80 Work-in-progress - last build Mar 27 2023 11:19:28 (84ec4a96b1085377d1623a66bb533b5851a641e4,branch:master). Game began 2023-03-30 17:24:50, ended 2023-04-01 03:43:36. spontiff, neutral male gnomish Healer # ---------- -----|- |........| #......| |........| ---------------- #|......# |.......@-# |...............# #|.....|# |........|# ###...............|# #|.....|# ----- |........|##### |..........0...|# #|....`|# ##....| |........-### #-..............|# #-------# # |_..| --.-.----- ## 0#---|-------.----# ## # ###-.{.| # ############ ### ## # # # ## |...| # ############################## ## ## ## -.--- ## ## # # ######## ###############0##### # # ---.------# #--.--- ########## # #----.-### |........-# #|.`.^| #----|-----# #|....-# |........| #-..{>| #|......{.-# #|....| |........| |....| #-........| #.....| ---------- ------ |........-##### ------ |........| ---------- Spontiff the Rhizotomist St:8 Dx:9 Co:16 In:12 Wi:16 Ch:16 Neutral S:316 Dlvl:1 $:0 HP:35(35) Pw:4(4) AC:0 Xp:1/4 T:5250 Latest messages: The grid bug misses the large dog. You swap places with your large dog. You swap places with your large dog. The large dog misses the grid bug. The large dog bites it. You swap places with your large dog. You climb up the stairs. Where do you want to travel to? (For instructions type a '?') You are beginning to feel hungry. Where do you want to travel to? (For instructions type a '?') The bat misses! You hear water falling on coins. The large dog bites the bat. The bat is killed! The large dog eats a bat corpse. Where do you want to travel to? (For instructions type a '?') The newt misses! The large dog bites the newt. The newt is killed! The large dog bites the yellow mold. The large dog staggers... The large dog bites the yellow mold. The yellow mold is killed! Where do you want to travel to? (For instructions type a '?') You climb up the stairs. Where do you want to travel to? (For instructions type a '?') You hear bubbling water. You climb up the stairs. You remember this level as vault. Where do you want to travel to? (For instructions type a '?') You hear bubbling water. You are beginning to feel weak. What do you want to eat? [npyJ or ?*] J This lichen corpse tastes okay. You finish eating the lichen corpse. What do you want to eat? [npyJ or ?*] J This lichen corpse tastes okay. You finish eating the lichen corpse. You climb up the stairs. Where do you want to travel to? (For instructions type a '?') Beware, there will be no return! Still climb? [yn] (n) y Do you want your possessions identified? [ynq] (y) y Do you want to see the dungeon overview? [ynq] (y) q Inventory: Weapons X - a blessed +1 dart Armor h - an uncursed +1 orcish helm (being worn) g - an uncursed +1 pair of leather gloves (being worn) v - a blessed +0 pair of iron shoes (being worn) q - a blessed +0 dwarvish cloak (being worn) Comestibles y - an uncursed apple n - 7 uncursed food rations p - an uncursed tripe ration J - an uncursed lichen corpse Potions c - a blessed potion of healing Wands S - an uncursed wand of sleep (0:4) O - an uncursed wand of slow monster (0:3) T - an uncursed wand of teleportation (0:2) G - an uncursed wand of undead turning (0:4) Tools f - an uncursed sack containing 16 items z - an uncursed leash k - an uncursed lock pick w - an uncursed mirror s - an uncursed stethoscope Contents of the sack: an uncursed +0 dart an uncursed scroll of destroy armor an uncursed scroll of enchant armor a cursed scroll of enchant weapon an uncursed scroll of identify a blessed scroll of teleportation 2 uncursed scrolls of teleportation an uncursed spellbook of blank paper an uncursed potion of object detection an uncursed potion of water an uncursed agate stone an uncursed worthless piece of black glass an uncursed worthless piece of green glass 2 uncursed worthless pieces of orange glass 5 uncursed worthless pieces of violet glass an uncursed worthless piece of yellowish brown glass Spontiff the Healer's attributes: Background: You were a Rhizotomist, a level 1 male gnomish Healer. You were neutral, on a mission for Hermes who was opposed by Athena (lawful) and Poseidon (chaotic). You were in the Dungeons of Doom, on level 1. You entered the dungeon 5250 turns ago. It was nighttime. You had 4 experience points, 16 more were needed to attain level 2. Your score was 316 before end-of-game adjustments. Basics: You had all 35 hit points. You had all 4 energy points (spell power). Your armor class was 0. Your wallet was empty. Autopickup was on for '$!/="?' plus thrown, with exceptions. Final Characteristics: Your strength was 8 (limit:18/50). Your dexterity was 9 (limit:18). Your constitution was 16 (limit:18). Your intelligence was 12 (limit:19). Your wisdom was 16 (limit:18). Your charisma was 16 (limit:18). Final Status: You were not hungry. You were unencumbered. You were empty handed. You were unskilled in bare handed combat. Final Attributes: You were devoutly aligned. You were poison resistant. You had infravision. You had a small defense bonus (+4). You were warded. You survived. Miscellaneous: You never encountered a bones level. Total elapsed playing time was 1 hour, 12 minutes and 44 seconds. Major events: Turn 1: spontiff the neutral male gnomish Healer entered the dungeon 2659: entered the Gnomish Mines 4804: reached Mine Town 5250: escaped Vanquished creatures: a small mimic a water nymph a gnome leader 2 kittens 4 dwarves 2 homunculi a kobold leader 3 giant bats a werejackal 5 iguanas 2 acid blobs a gas spore 3 hobbits 2 manes a large kobold 2 hobgoblins 4 cave spiders 2 yellow molds a green mold a red mold 6 gnomes a gnome zombie 6 geckos 11 jackals a fox 2 kobolds 4 goblins 4 sewer rats 9 grid bugs 4 bats 15 lichens 4 kobold zombies 15 newts 122 creatures vanquished. No species were genocided or became extinct. Voluntary challenges: You never hit with a wielded weapon. You read items or engraved 1 time. You never engraved Elbereth. You never genocided any monsters. You never polymorphed an object. You never changed form. You used no wishes. Achievements: You entered a shop. You entered the Gnomish Mines. You entered a temple. You entered Minetown. The Dungeons of Doom: levels 1 to 5 Level 1: <- You left from here. An altar, many fountains, a grave. Level 2: "vault" A general store, some fountains. Level 3: A fountain, a sink. Level 4: A fountain. Stairs down to The Gnomish Mines. Level 5: The Gnomish Mines: levels 5 to 7 Level 5: "magic trap" Level 6: "magic trap" Level 7: Some shops, a temple, some fountains. Goodbye spontiff the Healer... You escaped from the dungeon with 516 points, and 0 pieces of gold, after 5250 moves. You were level 1 with a maximum of 35 hit points when you escaped.